Description

Vs. Bio style that skips hydras and mutas for quick hive and economy

I wanted SALT but didn't know the supplies so ignore the ones I fabricated

Build Order

Get SALT Encoding   

    2:55  Pneumatized Carapace  Scout main at completion
  1  4:30  Baneling Nest, Lair  
  3  4:40  Extractor x2  
  5  5:00  Evolution Chamber x2  
  7  5:30  Zerg Melee Weapons Level 1, Centrifical Hooks, Hatchery, Zerg Ground Armor Level 1  
  11  7:00  Infestation Pit  
  12  7:30  Extractor x3, Zerg Ground Armor Level 2, Zerg Melee Weapons Level 2  
  17  7:40  Hive, Hatchery  
  19  9:00  Adrenal Glands, Extractor, Viper x3  Full Gas from here on
  24  9:50  Zerg Melee Weapons Level 3, Ultralisk Cavern, Zerg Ground Armor Level 3  
  27  10:40  Spire, Chitinous Plating  
Spawning Tool Build Advisor. Get it on Overwolf

Go to:

Details

  • Created by: Hulkhogan
  • Published on: Apr 16, 2020
  • Modified on: Apr 16, 2020
  • Patch: 4.11.0
Show
View Real Time Build Order
Export as new Build Order

Comments (0)

There are no comments. Be the first!

Create an account to comment!